 Dungeon Crawl Stone Soup version 0.29.1-2-gbd0b4ee654 (webtiles) character file.

Game seed: 16780559904440061946

496 Pagrim the Conjurer (level 7, -6/36 HPs)
             Began as a Gargoyle Venom Mage on Oct 26, 2022.
             Was an Initiate of Vehumet.
             Mangled by a water moccasin (8 damage)
             ... on level 5 of the Dungeon.
             The game lasted 00:23:54 (4575 turns).

Pagrim the Conjurer (Gargoyle Venom Mage)           Turns: 4575, Time: 00:23:55

Health: -6/36      AC:  7    Str: 11    XL:     7   Next: 15%
Magic:  4/12       EV: 11    Int: 18    God:    Vehumet [......]
Gold:   133        SH:  0    Dex: 10    Spells: 9/13 levels left

rFire   . . .      SeeInvis .   z - +3 dagger
rCold   + . .      Faith    .   (no shield)
rNeg    + . .      Spirit   .   a - +0 robe
rPois   ∞          Reflect  .   (no helmet)
rElec   +          Harm     .   x - +0 cloak
rCorr   .          Rampage  .   (no gloves)
Will    .....                   (no boots)
Stlth   ++........              (no amulet)
HPRegen 0.12/turn               c - ring of protection from cold
MPRegen 0.13/turn               (no ring)

@: mighty
A: sickness immunity, AC +4, negative energy resistance 1, electricity
resistance, torment resistance 1, petrification resistance
a: Renounce Religion


You were on level 5 of the Dungeon.
You worshipped Vehumet.
Vehumet was noncommittal.
You visited 2 branches of the dungeon, and saw 6 of its levels.

You collected 149 gold pieces.
You spent 16 gold pieces at shops.

Inventory:

Hand Weapons
 r - a +0 dagger of pain
 z - a +3 dagger (weapon)
Missiles
 l - 4 poisoned darts
 t - 2 throwing nets
Armour
 a - a +0 robe (worn)
 x - a +0 cloak (worn)
Magical Staves
 j - a staff of conjuration
Jewellery
 c - a ring of protection from cold (left hand)
Scrolls
 e - a scroll of enchant armour
 h - a scroll of fear {unknown}
 m - a scroll of blinking {unknown}
 o - a scroll of immolation {unknown}
 p - a scroll of silence {unknown}
 s - 5 scrolls of identify {unknown}
 u - a scroll of noise {unknown}
 w - a scroll of amnesia {unknown}
 y - 2 scrolls of poison {unknown}
 A - a scroll of magic mapping {unknown}
 B - a scroll of teleportation {unknown}
Potions
 b - a potion of magic
 d - 2 potions of cancellation {unknown}
 f - a potion of mutation {unknown}
 g - a potion of flight {unknown}
 i - a potion of curing {unknown}
 k - a potion of lignification {unknown}
 n - a potion of brilliance {unknown}
 q - a potion of might
 v - 2 potions of berserk rage {unknown}


   Skills:
 - Level 1.5 Dodging
 + Level 3.1 Stealth
 + Level 3.7 Spellcasting
 + Level 4.9 Conjurations
 - Level 0.7 Transmutations
 * Level 4.8 Poison Magic


You had 9 spell levels left.
You knew the following spells:

 Your Spells              Type           Power      Damage    Failure   Level
a - Sting                 Tmut/Pois      52%        1d5       4%          1
b - Mephitic Cloud        Conj/Pois/Air  15%        N/A       12%         3

Your spell library contained the following spells:

 Spells                   Type           Power      Damage    Failure   Level
 Poisonous Vapours        Pois/Air       24%        N/A       9%          2
 Apportation              Tloc           6%         N/A       16%         1
 Necrotise                Necr           12%        1d4       16%         1
 Summon Small Mammal      Summ           12%        N/A       16%         1
 Passwall                 Tmut/Erth      3%         N/A       21%         2
 Olgreb's Toxic Radiance  Pois           20%        N/A       21%         4
 Ensorcelled Hibernation  Hex/Ice        6%         N/A       22%         2
 Ozocubu's Armour         Ice            3%         N/A       41%         3
 Swiftness                Air            3%         N/A       41%         3
 Ozocubu's Refrigeration  Ice            1%         4d7       100%        7


Dungeon Overview and Level Annotations

Branches:
Dungeon (5/15)             Temple (1/1) D:4

Altars:
Ashenzari
Dithmenos
Fedhas
Gozag
Hepliaklqana
Kikubaaqudgha
Makhleb
Nemelex Xobeh
Qazlal
Ru
Sif Muna
Trog
Uskayaw
Vehumet
Wu Jian
Xom
The Shining One

Shops:
D:2 *

Annotations:
D:4 exclusion: upstairs, Dowan, Duvessa


Innate Abilities, Weirdness & Mutations

You are immune to sickness and miasma.
Your stone body is resilient. (AC +4)
You are immune to poison.
You resist negative energy. (rN+)
You are resistant to electric shocks. (rElec)
You are resistant to unholy torment.
You are immune to petrification.


Message History

You can't see any susceptible monsters within range! (Use Z to cast anyway.)
Casting: Sting (safe; 4% risk of failure)
Confirm with . or Enter, or press ? or * to list all spells.
You can't see any susceptible monsters within range! (Use Z to cast anyway.) Unknown command.
Unknown command.
Unknown command.
Casting: Sting (safe; 4% risk of failure)
Confirm with . or Enter, or press ? or * to list all spells.
Okay, then.
Unknown command.
Casting: Sting (safe; 4% risk of failure)
Confirm with . or Enter, or press ? or * to list all spells.
The spell is quite dangerous to miscast (12% risk of failure)!
Continue anyway?
Aiming: Mephitic Cloud (quite dangerous; 12% risk of failure)
Press: ? - help, Shift-Dir - straight line, f/p - water moccasin
Aim: a water moccasin (severely wounded, poisoned, not susceptible)
The ball explodes into a vile cloud!
The stinking cloud engulfs the water moccasin but does no damage.
The water moccasin is severely wounded.
The stinking cloud engulfs you but does no damage.
You hear a shout!
The water moccasin looks more healthy.
The water moccasin bites you.
* * * LOW HITPOINT WARNING * * *
The water moccasin bites you.
* * * LOW HITPOINT WARNING * * *
You closely miss the water moccasin.
The water moccasin is severely wounded.
The water moccasin barely misses you.
Aiming: Sting (safe; 4% risk of failure)
Press: ? - help, Q - select action, (/) - cycle Shift-Dir - straight line, f/p - water moccasin
Aim: a water moccasin (noxious fumes, severely wounded, 53% to hit)
The sting hits the water moccasin.
The water moccasin partially resists.
The water moccasin is severely wounded.
The water moccasin bites you.
* * * LOW HITPOINT WARNING * * *
It was a potion of might.
You feel very mighty all of a sudden. The water moccasin bites you!
You die...

... ... .. .... ...
#... ...#
##...###+###...#
#...............
#............[..
#......S........
#######..###.@.##...
##...#....#####'##+###
#....................#
#....................#
#...........<........#
#....................+
#....................#
#.........##....##...#
#.........####### ...#


You could see a water moccasin.

Vanquished Creatures
  An ogre (D:5)
  3 scorpions
  A howler monkey (D:5)
  2 hounds (D:5)
  A jelly (D:4)
  3 adders
  A worm (D:1)
  A dart slug (D:1)
  6 orcs
  9 ball pythons (D:1)
  7 endoplasms
  3 giant cockroaches
  5 goblins
  8 hobgoblins
  4 jackals (D:1)
  3 quokkas
  7 bats
  A frilled lizard (D:1)
  7 kobolds
  3 rats (D:1)
76 creatures vanquished.

Notes
Turn   | Place    | Note
-------+----------+-------------------------------------------
     0 | D:1      | Pagrim the Gargoyle Venom Mage began the quest for the Orb.
     0 | D:1      | Reached XP level 1. HP: 10/10 MP: 3/3
   133 | D:1      | Reached XP level 2. HP: 2/15 MP: 1/5
   135 | D:1      | Reached skill level 1 in Conjurations
   678 | D:1      | Reached XP level 3. HP: 19/19 MP: 1/6
  1222 | D:1      | You fall into a shaft and drop 1 floor!
  1845 | D:2      | Reached XP level 4. HP: 22/24 MP: 2/7
  2225 | D:2      | Found Ysaong's Assorted Antiques.
  2228 | D:2      | Bought a scroll labelled YKOEWK IMPIETUIPS for 16 gold
                  | pieces
  2574 | D:2      | Found a faded altar of an unknown god.
  2607 | D:3      | Identified the +4 flail of Sanoral {flame, rCorr}
  3106 | D:3      | Found a radiant altar of Vehumet.
  3427 | D:4      | Noticed Duvessa
  3427 | D:4      | Noticed Dowan
  3495 | D:4      | Found a shadowy altar of Dithmenos.
  3499 | D:4      | Found a staircase to the Ecumenical Temple.
  3511 | Temple   | Entered the Ecumenical Temple
  3767 | D:4      | Noticed a scorpion
  3776 | D:4      | Killed a scorpion
  3777 | D:4      | Reached XP level 5. HP: 24/28 MP: 5/9
  4070 | D:4      | Reached XP level 6. HP: 24/32 MP: 5/11
  4137 | D:3      | Became a worshipper of Vehumet
  4142 | D:3      | Learned a level 3 spell: Mephitic Cloud
  4170 | D:5      | Entered Level 5 of the Dungeon
  4215 | D:4      | Found an ornate altar of the Wu Jian Council.
  4440 | D:5      | Reached XP level 7. HP: 28/36 MP: 8/12
  4575 | D:5      | Mangled by a water moccasin

Illustrated notes

Levels and vault maps discovered:
D:1:      amcnicky_arrival_flooded_fountain, layout_loops_cross
D:2:      layout_loops_ring, serial_shops, nicolae_shop_behind_doors,
          shapermc_ecumenical_altar_petra, st_stairs_10
D:3:      layout_loops_ring, nicolae_overflow_hidden_temple
D:4:      layout_cave_pools, mainiacjoe_overflow_alcove_4,
          nicolae_dithmenos_through_a_glass_darkly,
          minmay_temple_entry_offerings, uniq_duvessa
D:5:      layout_gridville, yredelemnul_altar_generic, guppyfry_early_lair_pool
Temple:   eino_narrow_crystal_temple

Skill      XL: |  1  2  3  4  5  6  7 |
---------------+----------------------+-----
Conjurations   | 1 2 3 4 |  4.9
Poison Magic   | 4 |  4.8
Spellcasting   | 3 |  3.7
Stealth        | 3 |  3.1
Dodging        | |  1.5
Transmutations | |  0.7

Action                   |  1- 3 |  4- 6 |  7- 9 || total
-------------------------+-------+-------+-------++-------
Melee: Unarmed           |    26 |       |       ||    26
       Punch             |     1 |     1 |       ||     2
       Dagger            |    53 |    48 |    15 ||   116
 Cast: Sting             |    50 |    57 |     7 ||   114
       Mephitic Cloud    |       |     1 |     2 ||     3
  Use: Scroll            |       |     1 |       ||     1
       Potion            |       |       |     1 ||     1
 Stab: Sleeping          |     3 |       |       ||     3
       Distracted        |       |       |     1 ||     1
       Confused          |       |       |     1 ||     1
Armor: Robe              |    24 |    18 |     5 ||    47
Dodge: Dodged            |    58 |    28 |    15 ||   101
